AoeStats
← 市委书记李达康

Arena

509131993Analyzed
3v3 RM · 7d ago on Sep 25, 2026· 39m 32s· 6 players
Game mode
Random Map
Map size
Normal (6 player)
Population
200
Speed
Normal
Resources
Standard
Victory
Conquest
Starting age
Dark Age
Ending age
Imperial Age
RankedLock teamsTeams togetherTeam positionsShared explorationLock speedFull tech treeHidden civsTurbo modeCheats
Victory
Defeat
🇨🇳 Britons · China
1141
+13
🇨🇳 Bulgarians · China
1114
+14
🇭🇰 Cumans · Hong Kong SAR China
965
+33
🇨🇴 Muisca · Colombia
1092
-17
🇪🇸 Mongols · Spain
1064
-16
🇨🇴 Persians · Colombia
1025
-14
EihwazTyr
6:57 Loom
9:39 Feudal Age
17:28 Castle Age
15:34 Double-Bit Axe
15:39 Horse Collar
17:28 Gold Mining
20:01 Forging
23:22 Iron Casting
23:38 Husbandry
26:44 Scale Barding Armor
26:55 Stone Mining
28:15 Bloodlines
34:38 Imperial Age
31:57 Town Watch
36:03 Chain Barding Armor
38:42 Plate Barding Armor
37:58 Heavy Camel Rider
39:23 Gold Shaft Mining
40:59 Blast Furnace
ThanatosDanilo
10:25 Feudal Age
9:40 Loom
11:31 Town Watch
11:45 Double-Bit Axe
16:43 Castle Age
15:06 Horse Collar
18:04 Bow Saw
21:42 Forging
21:32 Scale Mail Armor
22:31 Fletching
23:36 Bodkin Arrow
26:01 Padded Archer Armor
29:21 Imperial Age
28:05 Wheelbarrow
28:30 Treadmill Crane
29:10 Leather Archer Armor
29:33 Hand Cart
29:54 Ballistics
29:45 Masonry
31:07 Heavy Plow
30:59 Gold Mining
34:20 Bracer
35:48 Conscription
35:32 Scale Mail Armor
34:54 Champi Runner
35:35 Squires
36:35 Chain Mail Armor
36:56 Iron Casting
35:43 Champi Warrior
37:45 Two-Man Saw
37:21 Gold Shaft Mining
38:31 Chemistry
El Cacas
10:03 Feudal Age
8:21 Loom
11:28 Man-at-Arms
18:42 Castle Age
17:38 Double-Bit Axe
17:36 Horse Collar
20:22 Long Swordsman
21:22 Scale Mail Armor
21:33 Forging
24:25 Bow Saw
27:01 Fortified Wall
27:52 Heavy Plow
35:31 Imperial Age
34:06 Scale Barding Armor
34:37 Iron Casting
34:18 Chain Mail Armor
34:11 Squires
33:57 Arson
34:57 Husbandry
34:21 Pikeman
40:08 Chain Barding Armor
40:49 Blast Furnace
省委高育良
10:44 Feudal Age
14:55 Castle Age
13:08 Loom
13:30 Horse Collar
15:05 Double-Bit Axe
17:03 Scale Mail Armor
19:02 Forging
19:30 Squires
27:10 Bow Saw
27:39 Heavy Plow
30:11 Gold Mining
30:20 Stone Mining
31:45 Gold Shaft Mining
31:47 Stone Shaft Mining
34:35 Imperial Age
33:59 Iron Casting
33:39 Chain Mail Armor
34:15 Wheelbarrow
33:56 Loom
34:05 Gambesons
34:06 Arson
37:09 Blast Furnace
36:39 Plate Mail Armor
36:39 Hand Cart
36:57 Crop Rotation
37:30 Conscription
37:27 Bagains
37:11 Capped Ram
38:06 Siege Ram
市委书记李达康
8:57 Feudal Age
13:56 Castle Age
13:09 Double-Bit Axe
15:44 Bow Saw
15:43 Horse Collar
20:18 Gold Mining
20:48 Loom
22:25 Wheelbarrow
22:16 Heavy Plow
24:56 Gold Shaft Mining
25:38 Hand Cart
26:06 Ballistics
26:08 Stone Mining
30:13 Imperial Age
27:39 Treadmill Crane
28:11 Fortified Wall
28:36 Padded Archer Armor
28:27 Fletching
28:27 Town Watch
29:23 Bodkin Arrow
29:58 Yeomen
32:21 Chemistry
31:46 Bracer
32:02 Leather Archer Armor
32:35 Conscription
33:40 Pikeman
34:27 Squires
34:13 Arson
34:49 Masonry
35:18 Ring Archer Armor
36:07 Elite Longbowman
37:02 Forging
36:53 Scale Mail Armor
38:08 Two-Man Saw
39:11 Hoardings
39:35 Iron Casting
39:52 Warwolf
寡妇杀手李天王
9:34 Feudal Age
10:47 Horse Collar
10:54 Double-Bit Axe
16:27 Wheelbarrow
15:42 Loom
19:25 Castle Age
25:55 Gold Mining
25:59 Stone Mining
29:04 Imperial Age
27:36 Heavy Plow
29:28 Bloodlines
29:28 Scale Barding Armor
29:34 Forging
29:39 Town Watch
29:26 Elite Steppe Lancer
30:41 Conscription
30:56 Chain Barding Armor
31:12 Iron Casting
31:22 Gold Shaft Mining
31:11 Steppe Husbandry
32:09 Hand Cart
33:35 Blast Furnace
33:59 Plate Barding Armor
33:45 Capped Ram
36:28 Padded Archer Armor
36:18 Fletching
36:35 Siege Ram
Connection lost

Rejoining the realm…

Still unreachable

The connection could not be restored.

Session expired

The server has moved on; the page needs a fresh start.